 Dungeon Crawl Stone Soup version 0.30-a0-322-g102857c98e (webtiles) character file.

Game seed: 5799775381307852674

67951 LnG the Imperceptible (level 15, -6/86 HPs)
             Began as a Kobold Summoner on Oct 27, 2022.
             Was an Elder of Dithmenos.
             Mangled by Rupert
             ... wielding a +4 battleaxe of flaming
              (14 damage)
             ... on level 2 of the Orcish Mines on Oct 28, 2022.
             The game lasted 01:52:47 (26553 turns).

LnG the Imperceptible (Kobold Summoner)            Turns: 26553, Time: 01:52:47

Health: -6/86      AC: 15    Str:  6    XL:     15   Next: 68%
Magic:  10/29      EV: 32    Int: 22    God:    Dithmenos [****..]
Gold:   1022       SH:  0    Dex: 23    Spells: 12/34 levels left

rFire   . . .      SeeInvis .    y - +8 short sword (venom)
rCold   . . .      Faith    .    (no shield)
rNeg    . . .      Spirit   .    Y - +1 robe {Will+}
rPois   .          Reflect  .    D - +1 hat
rElec   .          Harm     .    P - +2 cloak
rCorr   .          Rampage  .    Q - +1 pair of gloves
Will    ++...      Rnd*Tele +    d - +1 pair of boots Stlth ****++++++
                                 N - amulet of the acrobat
HPRegen 0.34/turn                R - +4 ring of evasion
MPRegen 0.21/turn                B - +6 ring of dexterity

@: wreathed by umbra
A: small, no large weapons, nightstalker 3, iridescent scales 2, teleportitis 1
a: Renounce Religion, Shadow Step


You were on level 2 of the Orcish Mines.
You worshipped Dithmenos.
Dithmenos was greatly pleased with you.
You visited 4 branches of the dungeon, and saw 23 of its levels.
You visited 1 bazaar.

You collected 1633 gold pieces.
You spent 611 gold pieces at shops.

Inventory:

Hand Weapons
 c - the +6 rapier of Checks and Balances {flame, *Rage rC+ Str+6 Dex+4}
   (You found it on level 5 of the Lair of Beasts)

   It burns those it strikes, dealing additional fire damage.
   Str:       It affects your strength (+6).
   Dex:       It affects your dexterity (+4).
   rC:        It protects you from cold.
   *Rage:     It berserks you when you make melee attacks (+20% chance).
 y - a +8 short sword of venom (weapon)
Armour
 a - a +2 robe
 d - a +1 pair of boots (worn)
 D - a +1 hat (worn)
 L - the +1 scale mail of Unreason {Rampage Slay+2}
   (You found it on level 11 of the Dungeon)

   Slay:      It affects your accuracy & damage with ranged weapons and melee
   (+2).
   Rampage:   It bestows one free step when moving towards enemies.
 O - +0 acid dragon scales
 P - a +2 cloak (worn)
 Q - a +1 pair of gloves (worn)
 Y - a +1 robe of willpower (worn)
Jewellery
 i - a ring of ice
 p - a +6 ring of intelligence
 t - a ring of willpower
 B - a +6 ring of dexterity (right hand)
 F - a ring of resist corrosion
 M - a ring of positive energy
 N - an amulet of the acrobat (around neck)
 R - a +4 ring of evasion (left hand)
 V - an amulet of faith
 Z - a ring of see invisible
Wands
 j - a wand of iceblast (2)
 o - a wand of flame (46)
 C - a wand of digging (13)
 S - a wand of polymorph (9)
 U - a wand of paralysis (4)
 W - a wand of mindburst (16)
Scrolls
 e - 6 scrolls of teleportation
 g - 5 scrolls of poison
 k - 4 scrolls of silence
 q - 4 scrolls of amnesia
 s - 4 scrolls of noise
 u - 3 scrolls of magic mapping {unknown}
 A - 4 scrolls of vulnerability
 G - 4 scrolls of blinking {unknown}
 I - 3 scrolls of immolation {unknown}
 J - a scroll of summoning {unknown}
 K - 4 scrolls of fog
Potions
 b - 2 potions of magic
 f - 2 potions of cancellation {unknown}
 h - 2 potions of lignification {unknown}
 l - 6 potions of flight
 m - 6 potions of curing
 n - 2 potions of resistance {unknown}
 r - 7 potions of degeneration {unknown}
 v - a potion of might
 w - 5 potions of attraction
 z - 4 potions of berserk rage {unknown}
 E - 8 potions of ambrosia
 H - 2 potions of haste {unknown}
 T - 2 potions of brilliance {unknown}


   Skills:
 + Level 7.1 Fighting
 + Level 11.0 Short Blades
 * Level 14.8 Dodging
 * Level 22.4 Stealth
 + Level 10.1 Spellcasting
 + Level 9.8 Summonings
 + Level 2.2 Ice Magic
 + Level 3.1 Air Magic


You had 12 spell levels left.
You knew the following spells:

 Your Spells              Type           Power      Damage    Failure   Level
a - Summon Small Mammal   Summ           100%       N/A       1%          1
b - Call Imp              Summ           53%        N/A       1%          2
c - Call Canine Familiar  Summ           53%        N/A       1%          3
d - Summon Guardian Gole  Hex/Summ       32%        N/A       2%          3
e - Summon Lightning Spi  Summ/Air       39%        N/A       4%          4
f - Summon Ice Beast      Ice/Summ       37%        N/A       4%          4
g - Summon Mana Viper     Hex/Summ       32%        N/A       22%         5

Your spell library contained the following spells:

 Spells                   Type           Power      Damage    Failure   Level
 Shock                    Conj/Air       72%        1d7       3%          1
 Poisonous Vapours        Pois/Air       36%        N/A       4%          2
 Swiftness                Air            25%        N/A       4%          3
 Kiss of Death            Conj/Necr      44%        2d8       6%          1
 Magic Dart               Conj           44%        1d5       6%          1
 Cigotuvi's Dreadful Rot  Necr/Pois/Air  30%        N/A       6%          2
 Searing Ray              Conj           22%        2d5       9%          2
 Mephitic Cloud           Conj/Pois/Air  15%        N/A       12%         3
 Airstrike                Air            12%        2d(2-18)  16%         4
 Confusing Touch          Hex            11%        N/A       19%         3
 Dazzling Flash           Conj/Hex       22%        N/A       19%         3
 Tukima's Dance           Hex            11%        N/A       19%         3
 Dispel Undead            Necr           11%        3d9       52%         4
 Fulminant Prism          Conj/Hex       5%         3d7       52%         4
 Iskenderun's Mystic Bla  Conj/Tloc      11%        2d4       52%         4
 Manifold Assault         Tloc           11%        N/A       52%         4
 Passage of Golubria      Tloc           11%        N/A       52%         4
 Monstrous Menagerie      Summ           26%        N/A       65%         7
 Yara's Violent Unravell  Hex/Tmut       5%         3d4       86%         5
 Dispersal                Tloc           5%         N/A       100%        6
 Starburst                Conj/Fire      5%         6d4       100%        6
 Disjunction              Tloc           5%         N/A       100%        8


Dungeon Overview and Level Annotations

Branches:
Dungeon (15/15)            Temple (1/1) D:5            Lair (5/5) D:8
  Swamp (0/4) Lair:3       Spider (0/4) Lair:2        Slime (0/5) Lair:4
    Orc (2/2) D:11         Vaults (0/5) D:13
    Elf: Orc:2       Depths: D:15

Altars:
Ashenzari
Cheibriados
Dithmenos
Elyvilon
Fedhas
Gozag
Hepliaklqana
Kikubaaqudgha
Makhleb
Okawaru
Qazlal
Ru
Sif Muna
Trog
Uskayaw
Vehumet
Wu Jian
Yredelemnul
Zin
The Shining One
Jiyva

Shops:
D:5 :   Orc:2 *

Portals:
Trove: D:12 (give +3 storm dragon scales)

Annotations:
D:3 3 runed translucent doors, NinjaNoafa's ghost, amateur MfMo
D:9 exclusion: obsidian statue
D:10 exclusion: orange crystal statue
D:12 Erolcha
Orc:2 Rupert


Innate Abilities, Weirdness & Mutations

You are small and have problems with some larger weapons.
You are completely attuned to the shadows.
You are mostly covered in iridescent scales. (AC +4)
You are occasionally teleported next to monsters.


Message History

Rupert closely misses you.
You closely miss Rupert.
Rupert is moderately wounded.
The orc warrior completely misses you.
You puncture Rupert!
Rupert is moderately wounded.
Rupert completely misses you.
You puncture Rupert!
Rupert looks as sick as possible!
Rupert is heavily wounded.
Rupert closely misses you.
An orc sorcerer comes into view. It is wielding a +0 dagger.
The orc misses you.
The orc warrior hits you with a +0 battleaxe!
You hit Rupert but do no damage.
Rupert looks as sick as possible!
Rupert is heavily wounded.
Your shadow barely misses Rupert.
Rupert hits you with a +4 battleaxe of flaming!!
Rupert burns you.
You hit Rupert but do no damage.
Rupert looks as sick as possible!
Rupert is heavily wounded.
The orc completely misses you. x2; The orc hits you with a +0 dagger.
The orc warrior completely misses you.
You puncture Rupert!
Rupert looks as sick as possible!
Rupert is heavily wounded.
Rupert hits you with a +4 battleaxe of flaming!
* * * LOW HITPOINT WARNING * * *
Rupert burns you.
* * * LOW HITPOINT WARNING * * *
You feel much better. Rupert barely misses you. The orc misses you.
The orc completely misses you. The orc barely misses you.
The orc warrior completely misses you. Rupert completely misses you.
As you read the scroll of fear, it crumbles to dust.
You assume a fearsome visage.
Rupert is unaffected.
The orc warrior looks frightened!
The orc looks frightened! x3
The orc sorcerer looks frightened!
The orc sorcerer howls in fear.
Rupert hits you with a +4 battleaxe of flaming!!
* * * LOW HITPOINT WARNING * * *
Rupert burns you!
You die...

#..........#......
.##...∩....#........
....................
.....................
##......#.........#.#.....
#...#..###...................#
.#...#.###.....o..............
.........<.........#...#
.......@@.o............#.
.........................
.....o.#o.o......<#....#.
...#.............#......#
..#.................#...#
........................#
................
............... ..........


You could see Rupert (berserk, extremely poisoned), an orc sorcerer (fleeing),
an orc warrior (fleeing) and 3 orcs.

Vanquished Creatures
  A dire elephant (Lair:5)
  2 ettins (Orc:1)
  A hydra (Lair:5)
  4 catoblepae (Lair:5)
  4 centaur warriors
  2 dancing weapons (D:13)
  4 two-headed ogres
  6 boulder beetles
  A tengu warrior (D:14)
  3 death yaks (Lair:5)
  Nergalle (D:10)
  A deep elf pyromancer (D:12)
  2 orc knights (Orc:1)
  A lindwurm (Lair:1)
  2 ugly things
  A wolf spider (Lair:2)
  3 manticores
  2 cyclopes
  Maurice (D:13)
  20 elephants
  3 black mambas
  9 cane toads
  11 komodo dragons
  A rime drake (Lair:2)
  Psyche (D:10)
  A kobold demonologist (D:10)
  2 freezing wraiths
  2 yaktaurs (D:15)
  3 trolls
  A tengu conjurer (D:15)
  2 polar bears
  3 meliai (D:15)
  A queen bee (Orc:1)
  12 blink frogs
  10 dream sheep
  4 slime creatures
  2 spriggans (Lair:1)
  2 culicivoras (Lair:2)
  3 wyverns
  2 shadows
  19 yaks
  4 basilisks
  2 steam dragons
  2 wargs
  8 vampire mosquitoes
  An acid dragon (D:12)
  12 water moccasins
  An ice beast (D:7)
  A black bear (Lair:5)
  9 orc warriors
  2 ogres
  4 boggarts (D:14)
  6 centaurs
  15 wolves
  A phantom (D:5)
  7 bullfrogs
  A scorpion (D:6)
  A necrophage (D:7)
  8 wights
  27 killer bees
  4 howler monkeys
  A gnoll bouda (D:8)
  3 jellies
  2 hounds
  3 orc priests
  6 iguanas
  11 orc wizards
  6 adders
  2 gnolls (D:12)
  2 white imps
  An ufetubus (D:5)
  A dart slug (D:3)
  22 orcs
  9 ball pythons
  3 endoplasms
  4 giant cockroaches
  6 goblins
  6 hobgoblins
  8 jackals
  5 kobolds
  4 quokkas
  5 bats
  8 frilled lizards
  2 rats
392 creatures vanquished.

Vanquished Creatures (collateral kills)
  Snorg (D:13)
  A hydra (Lair:4)
  2 two-headed ogres
  A tengu warrior (D:15)
  A deep troll shaman (Lair:5)
  A skeletal warrior (D:15)
  A cyclops (D:13)
  7 elephants
  2 yaktaurs (D:15)
  3 dream sheep (Lair:5)
  A shadow (D:10)
  A culicivora (Lair:2)
  A yak (D:9)
  2 steam dragons (D:10)
  3 vampire mosquitoes
  A warg (D:8)
  3 orc warriors
  A black bear (D:6)
  An ice beast (D:8)
  2 centaurs
  An ogre (D:6)
  A wight (D:9)
  8 killer bees
  A hound (D:6)
  3 orc priests
  Jessica (D:2)
  An iguana (D:5)
  3 orc wizards
  2 adders (D:4)
  A worm (D:4)
  7 orcs
  3 endoplasms (D:1)
  A goblin (D:2)
  A hobgoblin (D:1)
  2 jackals (D:4)
  A ball python (D:2)
  A frilled lizard (D:1)
  A kobold (D:1)
75 creatures vanquished.

Vanquished Creatures (others)
  A two-headed ogre (D:12)
  A gnoll sergeant (D:12)
  A gnoll (D:12)
  27 fungi
  61 plants
91 creatures vanquished.

Grand Total: 558 creatures vanquished

Notes
Turn   | Place    | Note
-------+----------+-------------------------------------------
     0 | D:1      | LnG the Kobold Summoner began the quest for the Orb.
     0 | D:1      | Reached XP level 1. HP: 10/10 MP: 3/3
   283 | D:1      | Reached XP level 2. HP: 9/15 MP: 3/5
   286 | D:1      | Learned a level 2 spell: Call Imp
   365 | D:1      | Reached skill level 3 in Stealth
   615 | D:1      | Reached XP level 3. HP: 18/19 MP: 3/6
   619 | D:1      | Learned a level 3 spell: Call Canine Familiar
   951 | D:2      | Found a faded altar of an unknown god.
  1437 | D:2      | Reached XP level 4. HP: 24/24 MP: 7/7
  1632 | D:2      | Noticed Jessica
  1804 | D:2      | Killed Jessica
  1805 | D:2      | Reached skill level 1 in Short Blades
  1805 | D:2      | Reached skill level 4 in Stealth
  2526 | D:3      | Found a runed translucent gate.
  2527 | D:3      | Found a runed translucent gate.
  2528 | D:3      | Found a runed translucent gate.
  2579 | D:3      | Reached XP level 5. HP: 15/28 MP: 8/8
  3065 | D:3      | Noticed NinjaNoafa's ghost (amateur MfMo)
  3154 | D:4      | Reached skill level 1 in Fighting
  3929 | D:4      | Reached skill level 5 in Stealth
  4204 | D:5      | Entered Level 5 of the Dungeon
  4212 | D:5      | Found Seqijuec's Book Emporium.
  4337 | D:5      | Reached XP level 6. HP: 32/34 MP: 9/9
  4341 | D:5      | Learned a level 3 spell: Summon Guardian Golem
  4391 | D:5      | Reached skill level 6 in Stealth
  4559 | D:5      | Reached XP level 7. HP: 18/38 MP: 3/10
  4877 | D:5      | Reached skill level 7 in Stealth
  4898 | D:5      | Found a staircase to the Ecumenical Temple.
  4982 | Temple   | Entered the Ecumenical Temple
  5253 | D:6      | Noticed a steam dragon
  5257 | D:6      | Killed a steam dragon
  5314 | D:6      | Reached skill level 5 in Dodging
  5314 | D:6      | Reached skill level 8 in Stealth
  5314 | D:6      | Reached skill level 5 in Summonings
  5314 | D:6      | Reached XP level 8. HP: 21/44 MP: 7/12
  5668 | D:6      | Reached skill level 9 in Stealth
  5932 | D:6      | Found a radiant altar of Vehumet.
  6405 | D:7      | Reached skill level 10 in Stealth
  6405 | D:7      | Reached XP level 9. HP: 35/48 MP: 0/15
  6679 | D:7      | Found a bloodstained altar of Trog.
  6785 | D:7      | Reached skill level 11 in Stealth
  7038 | D:8      | Noticed a komodo dragon
  7042 | D:8      | Killed a komodo dragon
  7043 | D:8      | Reached skill level 5 in Short Blades
  7257 | D:8      | Reached skill level 12 in Stealth
  7269 | D:8      | Reached XP level 10. HP: 38/54 MP: 17/17
  7278 | D:8      | Found a staircase to the Lair.
  7373 | D:7      | Reached skill level 5 in Spellcasting
  8241 | D:8      | Found a burning altar of Makhleb.
  8358 | D:8      | Reached skill level 13 in Stealth
  8980 | D:5      | Bought a book of Beasts for 456 gold pieces
  8985 | D:5      | Learned a level 4 spell: Summon Lightning Spire
  8990 | D:5      | Learned a level 4 spell: Summon Ice Beast
  9090 | D:9      | Found a glowing golden altar of the Shining One.
  9166 | D:9      | Noticed an obsidian statue
 10298 | D:9      | Reached XP level 11. HP: 60/60 MP: 20/20
 10419 | D:10     | Entered Level 10 of the Dungeon
 10437 | D:10     | Reached skill level 14 in Stealth
 10453 | D:10     | Reached skill level 1 in Air Magic
 10699 | D:10     | Noticed a two-headed ogre
 10940 | D:10     | Noticed Nergalle
 10962 | D:10     | Killed Nergalle
 11042 | D:10     | Found a stormy altar of Qazlal.
 11142 | D:10     | Found the macabre finger necklace {rN+}
 11143 | D:10     | Noticed an orange crystal statue
 11157 | D:10     | Noticed Psyche
 11160 | D:10     | Killed Psyche
 11183 | D:10     | Found a sacrificial altar of Ru.
 11183 | D:10     | Found a shadowy altar of Dithmenos.
 11275 | D:10     | Noticed a two-headed ogre
 11279 | D:10     | Killed a two-headed ogre
 11392 | D:10     | Found a broken altar of Ashenzari.
 11399 | D:10     | Killed a two-headed ogre
 11400 | D:10     | Reached skill level 15 in Stealth
 11413 | D:10     | Found an opulent altar of Gozag.
 12101 | D:11     | Noticed a two-headed ogre
 12153 | D:11     | Killed a two-headed ogre
 12300 | D:11     | Found a staircase to the Orcish Mines.
 12328 | D:11     | Identified the +1 scale mail of Unreason {Rampage Slay+2}
 13058 | D:12     | Noticed a boulder beetle
 13073 | D:12     | Killed a two-headed ogre
 13077 | D:12     | Killed a boulder beetle
 13151 | D:12     | Noticed a two-headed ogre
 13157 | D:12     | Killed a two-headed ogre
 13158 | D:12     | Reached XP level 12. HP: 47/67 MP: 12/23
 13210 | D:12     | Noticed Erolcha
 13214 | D:12     | HP: 2/67 [Erolcha/+7 giant club (30)]
 13308 | D:12     | Reached skill level 16 in Stealth
 13357 | D:12     | Found a flickering gateway to a bazaar.
 13377 | D:12     | Found a portal to a secret trove of treasure.
 13486 | Bazaar   | Entered a bazaar
 13486 | Bazaar   | Found Cesony's Magic Scroll Emporium.
 13624 | Bazaar   | Found Jaroma's General Store.
 13634 | Bazaar   | Found Guotsiuch's Book Boutique.
 13649 | Bazaar   | Found Zeneteug's Antique Weapon Emporium.
 13688 | Bazaar   | Found Beolies's Antique Armour Shop.
 13750 | Bazaar   | Bought a scroll of fog for 40 gold pieces
 13750 | Bazaar   | Bought a scroll of enchant armour for 75 gold pieces
 13750 | Bazaar   | Bought a scroll of vulnerability for 40 gold pieces
 13943 | D:12     | Noticed a two-headed ogre
 13946 | D:12     | Killed a two-headed ogre
 14021 | D:12     | Identified the +8 scale mail of the Cuttlefish {Harm}
 14449 | D:13     | Noticed Maurice
 14453 | D:13     | Killed Maurice
 14454 | D:13     | Reached skill level 17 in Stealth
 14594 | D:13     | Found a gate to the Vaults.
 14594 | D:13     | Noticed a +4 long sword
 14594 | D:13     | Noticed a +4 long sword
 14596 | D:13     | Killed a +4 long sword
 14599 | D:13     | Killed a +4 long sword
 14646 | D:13     | Noticed a boulder beetle
 14650 | D:13     | Killed a boulder beetle
 14651 | D:13     | Reached skill level 10 in Dodging
 14699 | D:13     | Noticed Snorg
 14874 | D:13     | Killed Snorg
 15141 | D:13     | Reached skill level 5 in Fighting
 15372 | D:14     | Noticed a centaur warrior
 15390 | D:14     | Killed a centaur warrior
 15391 | D:14     | Reached skill level 18 in Stealth
 15396 | D:14     | Reached XP level 13. HP: 43/72 MP: 16/25
 15793 | D:14     | Found a stormy altar of Qazlal.
 15893 | D:14     | Noticed a centaur warrior
 15912 | D:14     | Killed a centaur warrior
 16161 | D:14     | Noticed a four-headed hydra
 16953 | D:15     | Entered Level 15 of the Dungeon
 17127 | D:15     | Noticed a centaur warrior
 17913 | D:15     | Noticed a centaur warrior
 17925 | D:15     | Killed a centaur warrior
 17926 | D:15     | Reached skill level 1 in Ice Magic
 17992 | D:15     | Killed a centaur warrior
 19034 | Lair:1   | Entered Level 1 of the Lair of Beasts
 19148 | Lair:1   | Found an opulent altar of Gozag.
 19238 | Lair:1   | Reached skill level 19 in Stealth
 19600 | D:10     | Became a worshipper of Dithmenos the Shadowed
 19820 | Lair:1   | Gained mutation: Armour fits poorly on your strangely
                  | shaped body. [potion of mutation]
 19820 | Lair:1   | Gained mutation: Your spells are a little harder to cast,
                  | but a little more powerful. [potion of mutation]
 19820 | Lair:1   | Gained mutation: Your muscles are strong. (Str +4, Int/Dex
                  | -1) [potion of mutation]
 19821 | Lair:1   | Lost mutation: Armour fits poorly on your strangely shaped
                  | body. [potion of mutation]
 19821 | Lair:1   | Lost mutation: Your spells are a little harder to cast, but
                  | a little more powerful. [potion of mutation]
 19821 | Lair:1   | Lost mutation: Your muscles are strong. (Str +4, Int/Dex
                  | -1) [potion of mutation]
 19821 | Lair:1   | Gained mutation: Your magical capacity is low. (-10% MP)
                  | [potion of mutation]
 19821 | Lair:1   | Gained mutation: You have a pair of small antennae on your
                  | head. [potion of mutation]
 19821 | Lair:1   | Gained mutation: You have sharp fingernails. [potion of
                  | mutation]
 19822 | Lair:1   | Lost mutation: You have a pair of small antennae on your
                  | head. [potion of mutation]
 19822 | Lair:1   | Lost mutation: Your magical capacity is low. (-10% MP)
                  | [potion of mutation]
 19822 | Lair:1   | Lost mutation: You have sharp fingernails. [potion of
                  | mutation]
 19822 | Lair:1   | Gained mutation: You are partially covered in iridescent
                  | scales. (AC +2) [potion of mutation]
 19822 | Lair:1   | Gained mutation: You are occasionally teleported next to
                  | monsters. [potion of mutation]
 19822 | Lair:1   | Gained mutation: You are mostly covered in iridescent
                  | scales. (AC +4) [potion of mutation]
 19867 | Lair:1   | Reached skill level 10 in Short Blades
 20005 | Lair:1   | Reached XP level 14. HP: 74/79 MP: 16/27
 20953 | Lair:2   | Reached * piety under Dithmenos
 21197 | Lair:2   | Found a hole to the Spider Nest.
 21955 | Lair:3   | Found a staircase to the Swamp.
 22059 | Lair:3   | Reached skill level 20 in Stealth
 22955 | Lair:3   | Reached ** piety under Dithmenos
 23167 | Lair:4   | Found a staircase to the Slime Pits.
 23168 | Lair:4   | Found a viscous altar of Jiyva.
 24069 | Lair:5   | Entered Level 5 of the Lair of Beasts
 24165 | Lair:5   | Reached XP level 15. HP: 51/85 MP: 15/28
 24224 | Lair:5   | Reached skill level 21 in Stealth
 24344 | Lair:5   | Reached *** piety under Dithmenos
 25110 | Lair:5   | Reached skill level 10 in Spellcasting
 25147 | Lair:5   | Learned a level 5 spell: Summon Mana Viper
 25339 | Lair:5   | Reached skill level 22 in Stealth
 25467 | Lair:5   | Identified the +6 rapier of Checks and Balances {flame,
                  | *Rage rC+ Str+6 Dex+4}
 25926 | Orc:1    | Entered Level 1 of the Orcish Mines
 26071 | Orc:1    | Reached **** piety under Dithmenos
 26459 | Orc:2    | Entered Level 2 of the Orcish Mines
 26505 | Orc:2    | Found Hoca's General Store.
 26525 | Orc:2    | Noticed Rupert
 26553 | Orc:2    | Mangled by Rupert

Illustrated notes

Levels and vault maps discovered:
D:1:      dpeg_arrival_arbitrary_a, layout_loops_ring, minmay_bisected
D:2:      layout_loops_cross, chequers_ecumenical_altar_grove, uniq_jessica
D:3:      layout_basic, biasface_ghost_orc_armoury, nrook_campfire,
          minmay_misc_feat_more_columns, minivault_23
D:4:      layout_basic
D:5:      layout_gridville, minmay_temple_entry_statues, serial_shops, shop,
          st_stairs_8
D:6:      minmay_evil_eye, layout_cave_pools, kennysheep_mini_moat
D:7:      layout_rooms, bloody_trog
D:8:      layout_basic, lightli_temple_of_fire, erik_lair_orcish_takeover,
          serial_rivers, chequers_serial_rivers_large_a,
          chequers_serial_rivers_room_a, chequers_serial_rivers_small_3,
          chequers_serial_rivers_room_a, chequers_serial_rivers_small_a,
          dreamdust_gnoll_shepherd
D:9:      layout_big_octagon, mainiacjoe_overflow_tiny_flanked,
          minmay_crystal_room, minivault_15
D:10:     minmay_statue_hallways, layout_small_grid,
          nicolae_overflow_hidden_temple, mainiacjoe_overflow_large_starburst,
          nicolae_overflow_two_pavilions, uniq_psyche, uniq_nergalle
D:11:     layout_basic, orc_0_dummy, serial_corexii_hall,
          chequers_hall_statues_wall_a, chequers_hall_statues_y
D:12:     layout_basic, serial_shops, freezing_bzr, enter_trove_0, uniq_erolcha
D:13:     layout_cave_pods, erik_vaults_1, uniq_snorg, uniq_maurice
D:14:     layout_stronghold, nicolae_qazlal_general_emergency
D:15:     gammafunk_enter_depths_forms, layout_rooms, minmay_misc_feat_doors
Temple:   nicolae_temple_ecumenical_triangle
Lair:1:   wad_woods_stonehenge, layout_long_grid
Lair:2:   layout_cave_pods, spider_nest_entry_funnel_web,
          small_statue_intersection, infiniplex_staircase_pool_2
Lair:3:   layout_hall_layers, swamp_mist_pool, nzn_sisyphean_effort
Lair:4:   layout_regular_city, slime_entry_1, lemuel_fruit_tree
Lair:5:   grunt_lair_end_beastmaster, layout_small_grid, serial_rivers,
          chequers_serial_rivers_micro_a, chequers_serial_rivers_room_a,
          chequers_serial_rivers_marsh, chequers_serial_rivers_small_a,
          chequers_serial_rivers_room_b
Orc:1:    layout_caves, special_room [special_room_bee]
Orc:2:    st_orc_mages, layout_caves, serial_shops, shop, nicolae_orc_lava_tube,
          uniq_rupert

Skill      XL: |  1  2  3  4  5  6  7  8  9 10 11 12 13 14 15 |
---------------+----------------------------------------------+-----
Stealth        | 3 4 5 6 8 10 12 13 15 18 19 20 22 | 22.4
Dodging        | 3 4 5 6 7 9 10 12 13 14 | 14.8
Short Blades   | 1 2 3 4 5 7 8 10 11 | 11.0
Fighting       | 1 2 3 4 5 6 7 |  7.1
Spellcasting   | 3 4 6 7 8 9 10 | 10.1
Summonings     | 5 6 7 8 9 |  9.8
Air Magic      | 1 2 3 |  3.1
Ice Magic      | 1 2 |  2.2

Action                   |  1- 3 |  4- 6 |  7- 9 | 10-12 | 13-15 || total
-------------------------+-------+-------+-------+-------+-------++-------
Melee: Dagger            |    96 |   174 |       |       |       ||   270
       Unarmed           |     2 |       |       |       |       ||     2
       Punch             |     2 |     1 |     1 |     1 |    18 ||    23
       Short sword       |       |       |   145 |   298 |  1085 ||  1528
 Cast: Summon Small Mamm |     3 |     4 |    10 |     9 |     5 ||    31
       Call Imp          |     4 |     4 |     7 |     9 |     3 ||    27
       Call Canine Famil |     1 |     3 |     8 |    29 |    23 ||    64
       Summon Lightning  |       |       |       |    12 |    23 ||    35
       Summon Ice Beast  |       |       |       |     4 |    22 ||    26
       Summon Mana Viper |       |       |       |       |     2 ||     2
  Use: Scroll            |       |       |    12 |     8 |    10 ||    30
       Potion            |       |       |     1 |     1 |     8 ||    10
 Stab: Sleeping          |    13 |    26 |    25 |    35 |    85 ||   184
       Distracted        |     1 |       |     3 |     3 |    12 ||    19
       Petrified         |       |       |       |       |     1 ||     1
Armor: Robe              |     8 |    20 |     4 |    35 |   107 ||   174
Dodge: Dodged            |    70 |   139 |   107 |   290 |  1039 ||  1645

Table legend: (Time is in decaauts)
 A = Elapsed time spent in this place.
 B = Non-inter-level travel time spent in this place.
 C = Inter-level travel time spent in this place.
 D = Time resting spent in this place.
 E = Time spent auto-exploring this place.
 F = Levels seen in this place.
 G = Mean time per level.
                   A        B        C        D        E       F      G
               +--------+--------+--------+--------+--------+-----+--------+
         Total |  25899 |  23866 |   2033 |   4244 |  13101 |  24 | 1079.1 |
       Dungeon |  18670 |  16942 |   1728 |   3524 |   8857 |  15 | 1244.7 |
        Temple |    133 |    112 |     21 |      0 |     95 |   1 |  133.0 |
          Lair |   6250 |   5978 |    272 |    592 |   3966 |   5 | 1250.0 |
  Orcish Mines |    560 |    548 |     12 |      0 |     68 |   2 |  280.0 |
        Bazaar |    283 |    283 |      0 |    128 |    115 |   1 |  283.0 |
               +--------+--------+--------+--------+--------+-----+--------+

Top non-repeatable levels by time:
    D:14: 2124 daAuts
     D:8: 1980 daAuts
     D:9: 1611 daAuts
  Lair:5: 1538 daAuts
    D:10: 1488 daAuts
  Lair:1: 1437 daAuts
    D:13: 1329 daAuts
  Lair:3: 1254 daAuts
    D:15: 1174 daAuts
     D:7: 1113 daAuts
     D:2: 1105 daAuts
     D:4: 1080 daAuts
    D:11: 1071 daAuts
  Lair:4: 1055 daAuts
     D:3: 1023 daAuts
